AoeStats
← Romegypt

Oasis

509923501Analyzed
4v4 RM · 5d ago on Sep 28, 2026· 45m 17s· 8 players
Game mode
Random Map
Map size
Large (8 player)
Population
200
Speed
Normal
Resources
Standard
Victory
Conquest
Starting age
Dark Age
Ending age
Imperial Age
RankedLock teamsTeams togetherTeam positionsShared explorationLock speedFull tech treeHidden civsTurbo modeCheats
Victory
Defeat
🇫🇷 Britons · France
1311
+16
🇺🇸 Saracens · United States
1304
+16
🇵🇪 Vietnamese · Peru
1300
+17
🇹🇷 Berbers · Türkiye
1294
+17
🇨🇴 Spanish · Colombia
1371
-19
🇫🇮 Byzantines · Finland
1361
-18
🇫🇮 Magyars · Finland
1266
-15
🇳🇴 Franks · Norway
1259
-14
Romegypt
12:14 Feudal Age
16:38 Castle Age
14:54 Horse Collar
17:33 Scale Barding Armor
21:24 Bloodlines
23:44 Loom
26:27 Forging
31:30 Wheelbarrow
30:46 Town Watch
32:57 Gold Mining
35:03 Hand Cart
35:41 Stone Mining
37:05 Chain Barding Armor
37:21 Iron Casting
36:51 Husbandry
38:30 Double-Bit Axe
38:47 Heavy Plow
43:34 Ballistics
44:48 Bow Saw
45:14 Gold Shaft Mining
kalioglu
7:59 Loom
10:11 Feudal Age
10:37 Double-Bit Axe
15:33 Fletching
22:26 Castle Age
20:54 Padded Archer Armor
23:05 Bodkin Arrow
22:45 Crossbowman
27:12 Leather Archer Armor
28:49 Bow Saw
30:01 Thumb Ring
30:31 Ballistics
31:51 Wheelbarrow
37:17 Imperial Age
35:55 Hand Cart
36:58 Town Watch
37:06 Gold Mining
37:18 Arbalester
39:02 Chemistry
38:14 Bracer
40:01 Two-Man Saw
39:33 Ring Archer Armor
40:48 Siege Engineers
El_diouf
6:32 Loom
9:35 Feudal Age
10:17 Double-Bit Axe
17:59 Fletching
27:56 Padded Archer Armor
31:06 Wheelbarrow
34:06 Castle Age
32:52 Gold Mining
32:44 Horse Collar
34:57 Bodkin Arrow
34:24 Crossbowman
39:40 Gold Shaft Mining
45:11 Imperial Age
43:29 Stone Mining
44:08 Leather Archer Armor
44:42 Bow Saw
45:11 Bow Saw
yavuzaltnsk
10:57 Feudal Age
9:30 Loom
16:04 Castle Age
20:50 Forging
23:20 Horse Collar
24:34 Bloodlines
26:15 Double-Bit Axe
27:00 Scale Barding Armor
32:51 Wheelbarrow
32:01 Town Watch
33:25 Gold Mining
33:38 Heavy Plow
35:32 Gold Shaft Mining
35:29 Hand Cart
35:48 Hand Cart
40:10 Imperial Age
37:43 Husbandry
39:18 Chain Barding Armor
39:33 Iron Casting
38:49 Fletching
41:26 Plate Barding Armor
40:17 Heavy Camel Rider
41:42 Caravan
42:53 Blast Furnace
45:28 Conscription
45:11 Maghrebi Camels
mca_018
6:56 Loom
9:37 Feudal Age
9:56 Man-at-Arms
14:04 Double-Bit Axe
15:13 Horse Collar
24:13 Castle Age
23:59 Scale Mail Armor
24:10 Forging
25:09 Fletching
37:56 Imperial Age
35:44 Gold Mining
35:57 Heavy Plow
36:16 Padded Archer Armor
38:07 Leather Archer Armor
38:36 Bloodlines
38:26 Husbandry
39:16 Wheelbarrow
39:20 Conscription
39:54 Ring Archer Armor
40:48 Bodkin Arrow
40:59 Pikeman
41:39 Squires
42:39 Iron Casting
41:49 Halberdier
43:07 Town Watch
Sunday x Junior
7:39 Loom
10:04 Feudal Age
11:50 Double-Bit Axe
12:52 Scale Barding Armor
12:31 Horse Collar
20:03 Castle Age
20:21 Bloodlines
20:59 Bow Saw
21:57 Husbandry
25:03 Fletching
27:10 Wheelbarrow
30:41 Chain Barding Armor
35:27 Hand Cart
37:54 Imperial Age
37:15 Heavy Plow
37:57 Cavalier
39:14 Plate Barding Armor
40:16 Crop Rotation
40:36 Paladin
Dagis
6:15 Loom
8:44 Feudal Age
9:42 Double-Bit Axe
20:18 Castle Age
19:01 Scale Barding Armor
19:35 Forging
20:18 Gold Mining
21:19 Chain Barding Armor
21:01 Husbandry
26:48 Wheelbarrow
32:06 Hand Cart
31:37 Loom
33:47 Iron Casting
39:49 Imperial Age
39:51 Onager
40:04 Cavalier
41:58 Siege Engineers
45:19 Chemistry
44:15 Pikeman
engarvi
9:27 Loom
11:42 Feudal Age
12:59 Double-Bit Axe
13:43 Horse Collar
14:26 Fletching
17:10 Padded Archer Armor
19:40 Gold Mining
24:55 Castle Age
25:08 Crossbowman
43:31 Wheelbarrow
Connection lost

Rejoining the realm…

Still unreachable

The connection could not be restored.

Session expired

The server has moved on; the page needs a fresh start.